 Dungeon Crawl Stone Soup version 0.30-a0-373-gd37427bb62 (webtiles) character file.

Game seed: 5791129178222326245

4312 mopl the Martial Artist (level 10, -1/74 HPs)
             Began as a Djinni Transmuter on Nov 23, 2022.
             Slain by a gargoyle
             ... wielding a +0 dire flail
              (10 damage)
             ... on level 7 of the Dungeon.
             The game lasted 00:09:47 (6401 turns).

mopl the Martial Artist (Djinni Transmuter)         Turns: 6401, Time: 00:09:48

Health: -1/74      AC:  7    Str: 13    XL:     10   Next: 58%
Gold:   376        EV: 14    Int: 15    God:
                   SH:  0    Dex: 14

rFire   x . .      SeeInvis +      - Unarmed
rCold   + + +      Faith    .    (shield currently unavailable)
rNeg    . . .      Spirit   .    (body armour currently unavailable)
rPois   ∞          Reflect  .    (helmet currently unavailable)
rElec   .          Harm     .    (cloak currently unavailable)
rCorr   .          Rampage  .    (gloves currently unavailable)
Will    +....                    (boots unavailable)
Stlth   +.........               (no amulet)
HPRegen 0.32/turn                c - ring of see invisible
MPRegen 0.00/turn                d - +4 ring of evasion

@: ice-form, flying
A: freezing attack, flying, boosted hp, sickness immunity, large, (fire
resistance 2), (cold vulnerability 1), float, innate caster, HP casting, extra
vitality 1
a: End Transformation


You were on level 7 of the Dungeon.
You were a creature of crystalline ice.
You visited 2 branches of the dungeon, and saw 8 of its levels.
You also visited: Sewer.

You collected 376 gold pieces.

Inventory:

Hand Weapons
 G - the +6 falchion of the Abyss {drain, +Blink rElec rPois Dex+3}
   (You found it on level 7 of the Dungeon)

   A truly terrible weapon, it drains the life of any living foe it strikes.
   Dex:       It affects your dexterity (+3).
   rElec:     It insulates you from electricity.
   rPois:     It protects you from poison.
   +Blink:    It lets you blink.
Missiles
 B - 7 poisoned darts
 H - 2 boomerangs
Armour
 f - a +2 robe of resistance (melded)
 k - a +0 pair of gloves (melded)
 u - a +0 helmet (melded)
 D - the +2 ratskin cloak (melded) {*Rats rPois rN+ Str-1 Int-1 Dex+1}
   (You found it on level 7 of the Dungeon)

   When the wearer is hurt, rats may emerge from it to assist them.
   Str:       It affects your strength (-1).
   Int:       It affects your intelligence (-1).
   Dex:       It affects your dexterity (+1).
   rPois:     It protects you from poison.
   rN:        It protects you from negative energy.
Jewellery
 c - a ring of see invisible (left front paw)
 d - a +4 ring of evasion (right front paw)
 t - the ring of Moyts {+Blink Will- Str+6 Int+4}
   (You found it in a sewer)

   [ring of strength]

   Str:       It affects your strength (+6).
   Int:       It affects your intelligence (+4).
   +Blink:    It lets you blink.
   Will:      It decreases your willpower.
Wands
 a - a wand of polymorph (13)
 e - a wand of light (3)
 C - a wand of flame (30)
Scrolls
 g - a scroll of amnesia {unknown}
 i - a scroll of silence {unknown}
 j - a scroll of magic mapping {unknown}
 m - 2 scrolls of noise {unknown}
 n - 5 scrolls of teleportation {unknown}
 o - a scroll of enchant weapon {unknown}
 p - 3 scrolls of vulnerability {unknown}
 w - a scroll of immolation {unknown}
 x - a scroll of fear {unknown}
 y - 2 scrolls of poison {unknown}
Potions
 b - 3 potions of lignification {!q}
 h - a potion of mutation {!q}
 q - 4 potions of ambrosia {unknown}
 r - a potion of resistance
 s - 2 potions of cancellation
 v - 2 potions of curing
 z - a potion of haste
 A - a potion of brilliance
 F - a potion of heal wounds


   Skills:
 - Level 1.0 Fighting
 - Level 2.1 Dodging
 * Level 12.4 Unarmed Combat
 + Level 6.7 Spellcasting


You had 3 spell levels left.
You knew the following spells:

 Your Spells              Type           Power      Damage    Failure   Level
a - Beastly Appendage     Tmut           50%        N/A       1%          1
b - Spider Form           Tmut/Pois      25%        N/A       2%          3
c - Static Discharge      Conj/Air       50%        2-5/arc   1%          2
d - Ice Form              Ice/Tmut       25%        N/A       9%          4
e - Slow                  Hex            100%       N/A       1%          1
f - Searing Ray           Conj           50%        2d6       1%          2
g - Cause Fear            Hex            12%        N/A       9%          4
w - Wereblood             Tmut           25%        N/A       1%          2
Your spell library was empty.

Dungeon Overview and Level Annotations

Branches:
Dungeon (7/15)             Temple (1/1) D:6           Sewer (visited)

Altars:
Ashenzari
Cheibriados
Dithmenos
Elyvilon
Fedhas
Gozag
Hepliaklqana
Makhleb
Nemelex Xobeh
Trog
Xom
Yredelemnul
Zin
Lugonu

Annotations:
D:4 1 runed translucent door, Verendum's ghost, amateur OpMo


Innate Abilities, Weirdness & Mutations

You are a creature of crystalline ice.
You have a powerful freezing melee attack.
You are flying.
Your maximum health is increased.
Your armour is entirely melded.
You are incapable of wielding weapons or throwing items.
You are immune to sickness and miasma.
You are immune to poison.
((Your flesh is very heat resistant. (rF++)))
((You are vulnerable to cold. (rC-)))
You float through the air rather than walking.
You learn spells naturally, not from books.
Your magical power is your life essence.
You have superior vitality. (+4 MHP)


Message History

You hit the gargoyle but do no damage.
The gargoyle is severely damaged.
The gargoyle hurls a stone arrow at you.
The stone arrow misses you.
You bite the gargoyle!
The gargoyle is almost destroyed.
The gargoyle hurls a stone arrow at you.
The stone arrow misses you.
You bite the gargoyle!
You destroy the gargoyle!
You hit the gargoyle.
The gargoyle is lightly damaged.
You hit the gargoyle.
The gargoyle is lightly damaged.
The gargoyle hits you with a +0 dire flail!!
You bite the gargoyle!
The gargoyle is heavily damaged.
A gargoyle comes into view. It is wielding a +0 flail.
The gargoyle hits you with a +0 dire flail!!
* * * LOW HITPOINT WARNING * * *
You hit the gargoyle but do no damage.
The gargoyle is heavily damaged.
Your transformation has ended.
The +2 ratskin cloak {*Rats rPois rN+ Str-1 Int-1 Dex+1} unmelds from your body.
Your +0 helmet unmelds from your body.
Your +0 pair of gloves unmelds from your body.
Your +2 robe of resistance unmelds from your body.
You feel resistant to extremes of temperature.
The gargoyle barely misses you.
Casting: Spider Form (dangerous; 2% risk of failure)
Confirm with . or Enter, or press ? or * to list all spells.
You turn into a creature of crystalline ice.
The +2 ratskin cloak {*Rats rPois rN+ Str-1 Int-1 Dex+1} melds into your body.
Your +0 helmet melds into your body.
Your +0 pair of gloves melds into your body.
Your +2 robe of resistance melds into your body.
You feel hot and cold all over.
* * * LOW HITPOINT WARNING * * *
The gargoyle hits you with a +0 dire flail!
You die...

# #### ##...
#.... ####...
###########
##.#....
###.9.9Y....###
#.......
#...#######...#
#...>... ##.###
###.###.......
#9.#
#..#........
#)##
##.##.......
.h9 #.#.##.....
....9
#...#......
#.....
#......##..
#.....
#.##.>.#...


You could see 2 gargoyles.

Vanquished Creatures
  Pikel (D:4)
  A gargoyle (D:7)
  Prince Ribbit (D:6)
  2 water moccasins
  A sky beast (D:7)
  2 orc warriors (D:7)
  2 ice beasts
  An ogre (D:5)
  A centaur (D:7)
  3 phantoms
  7 necrophages
  2 bullfrogs
  4 scorpions
  5 killer bees
  An oklob sapling (D:6)
  3 howler monkeys (D:7)
  A jelly (D:7)
  3 bullfrog zombies (D:5)
  5 hounds
  An orc priest (D:7)
  A gnoll bouda (D:4)
  2 iguanas
  3 orc wizards
  Robin (D:3)
  7 gnolls
  18 adders
  A river rat (D:4)
  A worm (D:2)
  2 dart slugs
  12 orcs
  13 ball pythons
  11 endoplasms
  10 giant cockroaches
  12 hobgoblins
  7 jackals
  16 quokkas
  4 bats
  11 frilled lizards
  11 goblins
  9 kobolds
  12 rats
  A bush (D:5)
212 creatures vanquished.

Vanquished Creatures (collateral kills)
  A gargoyle (D:7)
  An orc (D:7)
2 creatures vanquished.

Vanquished Creatures (others)
  12 plants
  2 withered plants (D:4)
14 creatures vanquished.

Grand Total: 228 creatures vanquished

Notes
Turn   | Place    | Note
-------+----------+-------------------------------------------
     0 | D:1      | mopl the Djinni Transmuter began the quest for the Orb.
     0 | D:1      | mopl set off with the following spells memorised: Beastly
                  | Appendage, Wereblood, Spider Form, Ice Form.
     0 | D:1      | Reached XP level 1. HP: 17/17 MP: 0/0
   323 | D:1      | Reached XP level 2. HP: 4/22 MP: 0/0
  1295 | D:2      | Reached XP level 3. HP: 24/27 MP: 0/0
  1295 | D:2      | Learned a level 1 spell: Slow
  1306 | D:2      | Reached skill level 2 in Spellcasting
  1381 | D:2      | Reached skill level 4 in Unarmed Combat
  1514 | D:2      | Reached XP level 4. HP: 24/32 MP: 0/0
  2036 | D:3      | Found a broken altar of Ashenzari.
  2038 | D:3      | Noticed Robin
  2130 | D:3      | Reached XP level 5. HP: 37/37 MP: 0/0
  2130 | D:3      | Learned a level 2 spell: Searing Ray
  2142 | D:3      | Killed Robin
  2266 | D:3      | Reached skill level 5 in Unarmed Combat
  2461 | D:3      | Found a basalt altar of Yredelemnul.
  2711 | D:4      | Noticed a lemure
  2712 | D:4      | Noticed Pikel
  2712 | D:4      | Noticed a lemure
  2712 | D:4      | Noticed a lemure
  2713 | D:4      | Noticed a lemure
  2751 | D:4      | Killed Pikel
  2752 | D:4      | Reached skill level 7 in Unarmed Combat
  2752 | D:4      | Reached skill level 3 in Spellcasting
  2752 | D:4      | Reached XP level 6. HP: 8/42 MP: 0/0
  2752 | D:4      | Reached XP level 7. HP: 9/47 MP: 0/0
  2752 | D:4      | Learned a level 2 spell: Static Discharge
  2871 | D:4      | Found a glowing drain.
  2875 | Sewer    | Entered a sewer
  3181 | Sewer    | Reached XP level 8. HP: 33/52 MP: 0/0
  3271 | Sewer    | Identified the ring of Moyts {+Blink Will- Str+6 Int+4}
  3534 | D:4      | Reached skill level 4 in Spellcasting
  3583 | D:4      | Found a hazy altar of Hepliaklqana.
  3947 | D:4      | Found a runed translucent door.
  3947 | D:4      | Noticed Verendum's ghost (amateur OpMo)
  4259 | D:5      | Entered Level 5 of the Dungeon
  4275 | D:5      | Reached skill level 8 in Unarmed Combat
  4670 | D:5      | Reached skill level 9 in Unarmed Combat
  4965 | D:5      | Found a blossoming altar of Fedhas.
  5066 | D:5      | Reached XP level 9. HP: 57/57 MP: 0/0
  5066 | D:5      | Learned a level 4 spell: Cause Fear
  5073 | D:5      | Reached skill level 5 in Spellcasting
  5209 | D:5      | Reached skill level 10 in Unarmed Combat
  5410 | D:6      | Found a staircase to the Ecumenical Temple.
  5434 | Temple   | Entered the Ecumenical Temple
  5532 | D:6      | Noticed Prince Ribbit
  5540 | D:6      | Killed Prince Ribbit
  5562 | D:6      | Found an opulent altar of Gozag.
  5657 | D:6      | Reached skill level 11 in Unarmed Combat
  5767 | D:6      | Reached XP level 10. HP: 60/62 MP: 0/0
  5775 | D:6      | Found a glowing silver altar of Zin.
  5835 | D:6      | Reached skill level 6 in Spellcasting
  6040 | D:7      | Found the +2 ratskin cloak {*Rats rPois rN+ Str-1 Int-1
                  | Dex+1}
  6119 | D:7      | Found a shadowy altar of Dithmenos.
  6170 | D:7      | Identified the +6 falchion of the Abyss {drain, +Blink
                  | rElec rPois Dex+3}
  6296 | D:7      | Found a bloodstained altar of Trog.
  6363 | D:7      | Noticed a gargoyle
  6368 | D:7      | Reached skill level 12 in Unarmed Combat
  6368 | D:7      | Noticed a gargoyle
  6370 | D:7      | Noticed a gargoyle
  6372 | D:7      | Killed a gargoyle
  6396 | D:7      | Killed a gargoyle
  6399 | D:7      | Noticed a gargoyle
  6401 | D:7      | Slain by a gargoyle

Illustrated notes

Levels and vault maps discovered:
D:1:      ncdulo_wetmaze, layout_basic
D:2:      layout_loops_cross
D:3:      layout_basic, general_overflow_altar, nicolae_ashenzari_skybound,
          serial_glass, glass_columns_b, glass_columns_a, serial_park_tiny_pond,
          uniq_robin
D:4:      layout_loops_ring, nicolae_hepliaklqana_hazy_memory,
          gammafunk_ghost_grave, gup_sewer_entry_spiral, minmay_crossroads,
          uniq_pikel
D:5:      layout_basic, fedhas_altar_decomposition
D:6:      layout_basic, grunt_gozag_statues,
          mainiacjoe_overflow_surrounded_room, minmay_temple_entry_oklob,
          uniq_prince_ribbit1
D:7:      cheibrodos_statue_roulette, layout_cave_pools, tgw_kikubaaqudgha,
          mainiacjoe_overflow_six_doors_small, grunt_dithmenos_smoke,
          ebering_dispersal_statue_hall
Temple:   corrupted_temple

Skill      XL: |  1  2  3  4  5  6  7  8  9 10 |
---------------+-------------------------------+-----
Spellcasting   | 2 3 4 5 6 |  6.7
Unarmed Combat | 4 7 9 11 12 | 12.4
Fighting       | |  1.0
Dodging        | |  2.1

Action                   |  1- 3 |  4- 6 |  7- 9 | 10-12 || total
-------------------------+-------+-------+-------+-------++-------
Melee: Unarmed           |    98 |       |   155 |    95 ||   348
       Headbutt          |    11 |       |       |       ||    11
       Punch             |     4 |     4 |    19 |       ||    27
       Dagger            |    16 |   163 |   268 |       ||   447
 Cast: Beastly Appendage |    13 |     1 |       |       ||    14
       Spider Form       |       |       |     8 |     5 ||    13
       Ice Form          |       |       |     4 |     3 ||     7
 Abil: End Transformatio |       |       |     1 |     2 ||     3
  Use: Scroll            |       |     4 |     4 |     2 ||    10
       Potion            |       |       |     1 |       ||     1
 Stab: Sleeping          |     1 |     1 |     4 |       ||     6
Armor: Robe              |    20 |    19 |    77 |     8 ||   124
       Animal skin       |       |    13 |       |       ||    13
       Skin              |       |       |    15 |     8 ||    23
Dodge: Dodged            |    82 |   109 |   294 |    92 ||   577

Table legend: (Time is in decaauts)
 A = Elapsed time spent in this place.
 B = Non-inter-level travel time spent in this place.
 C = Inter-level travel time spent in this place.
 D = Time resting spent in this place.
 E = Time spent auto-exploring this place.
 F = Levels seen in this place.
 G = Mean time per level.
                   A        B        C        D        E       F      G
               +--------+--------+--------+--------+--------+-----+--------+
         Total |   6346 |   6202 |    144 |    820 |   3687 |   9 |  705.1 |
       Dungeon |   5892 |   5759 |    133 |    714 |   3597 |   7 |  841.7 |
        Temple |     37 |     26 |     11 |      0 |      0 |   1 |   37.0 |
         Sewer |    415 |    415 |      0 |    106 |     90 |   1 |  415.0 |
               +--------+--------+--------+--------+--------+-----+--------+

Top non-repeatable levels by time:
     D:1: 1256 daAuts
     D:4: 1169 daAuts
     D:5: 1068 daAuts
     D:2: 746 daAuts
     D:3: 657 daAuts
     D:6: 631 daAuts
   Sewer: 415 daAuts
     D:7: 361 daAuts
  Temple: 37 daAuts
